Map: Zen LE

Players

ViBE - Winner!

  • Race: Protoss Protoss
  • League: Gold
  • Spawn Location: 7:00

TMxESPRESSOx

  • Race: Zerg Zerg
  • League: Platinum
  • Spawn Location: 1:00

VOD

Have the link to the VOD?

Description

Time

  • Played on: Dec. 8, 2019, 7:30 p.m.
  • Length: 11:47
Show
View Real Time Build Order
Export as new Build Order

ViBE Protoss - Winner!

Build Orders: 1 Gate Expand, Colossus Rush 

Get SALT Encoding   

  12  0:00  Probe  
  13  0:13  Probe  
  14  0:24  Pylon  
  14  0:26  Probe  
  15  0:42  Probe  
  16  0:49  Gateway  
  16  0:54  Probe (Chrono Boost)  
  17  0:59  Assimilator  
  17  1:05  Pylon  
  17  1:06  Probe (Chrono Boost)  
  18  1:12  Probe (Chrono Boost)  
  19  1:20  Probe  
  19  1:36  Nexus  
  19  1:40  Probe (Chrono Boost)  
  19  1:46  Assimilator  
  20  1:50  Probe (Chrono Boost)  
  21  1:56  Cybernetics Core  
  21  2:01  Probe  
  22  2:10  Pylon  
  22  2:13  Probe (Chrono Boost)  
  23  2:25  Probe (Chrono Boost)  
  24  2:31  Probe (Chrono Boost)  
  24  2:33  Stalker  
  24  2:34  Warp Gate  
  27  2:40  Probe  
  28  2:49  Probe (Chrono Boost)  
  29  2:54  Probe (Chrono Boost)  
  30  3:01  Probe (Chrono Boost)  
  30  3:02  Gateway  
  30  3:03  Sentry  
  34  3:08  Probe x2 (Chrono Boost)  
  35  3:13  Robotics Facility  
  35  3:17  Probe (Chrono Boost)  
  35  3:18  Probe (Chrono Boost)  
  37  3:29  Probe (Chrono Boost)  
  37  3:31  Stalker  
  41  3:35  Probe (Chrono Boost)  
  41  3:37  Probe (Chrono Boost)  
  42  3:41  Probe (Chrono Boost)  
  42  3:43  Probe (Chrono Boost)  
  42  3:44  Assimilator  
  44  3:48  Assimilator  
  44  3:49  Pylon  
  44  3:50  Stalker  
  48  3:55  Probe (Chrono Boost)  
  48  3:59  Probe (Chrono Boost)  
  48  4:02  Pylon, Observer  
  49  4:06  Probe (Chrono Boost)  
  49  4:07  Stalker  
  52  4:15  Probe  
  53  4:17  Probe  
  56  4:25  Robotics Bay  
  56  4:27  Pylon, Probe  
  56  4:30  Probe  
  58  4:42  Probe x2 (Chrono Boost)  
  60  4:53  Probe (Chrono Boost)  
  60  4:56  Probe (Chrono Boost)  
  60  4:58  Nexus, Probe (Chrono Boost)  
  60  4:59  Stalker x2  
  65  5:00  Pylon  
  65  5:04  Probe  
  66  5:08  Probe  
  67  5:16  Pylon, Probe  
  67  5:20  Colossus, Probe  
  75  5:23  Extended Thermal Lance  
  75  5:26  Stalker  
  75  5:27  Stalker  
  75  5:28  Probe (Chrono Boost)  
  80  5:32  Probe (Chrono Boost)  
  81  5:39  Probe (Chrono Boost)  
  81  5:42  Probe (Chrono Boost)  
  83  5:44  Probe (Chrono Boost)  
  83  5:47  Probe (Chrono Boost), Twilight Council  
  85  5:54  Probe  
  86  5:58  Probe  
  86  6:02  Stalker x2  
  91  6:06  Probe  
  91  6:07  Pylon  
  91  6:11  Pylon, Probe  
  93  6:12  Assimilator x2  
  93  6:13  Colossus  
  93  6:15  Pylon  
  99  6:18  Probe  
  100  6:26  Probe x2  
  102  6:38  Nexus, Probe x2  
  104  6:41  Pylon  
  104  6:44  Pylon  
  104  6:46  Stalker x2  
  108  6:52  Templar Archives  
  108  6:55  Forge  
  108  6:57  Forge  
  108  7:00  Forge  
  108  7:05  Probe x3  
  108  7:07  Colossus  
  117  7:16  Stalker x2  
  117  7:17  Probe x3  
  117  7:20  Gateway  
  117  7:21  Gateway  
  123  7:32  Probe x3, Gateway  
  126  7:48  Probe x2  
  126  7:49  Probe  
  126  7:51  Protoss Ground Weapons Level 1 (Chrono Boost), Stalker, Protoss Shields Level 1 (Chrono Boost), Protoss Ground Armor Level 1 (Chrono Boost)  
  129  7:52  Stalker  
  129  7:53  Probe  
  134  8:00  Probe  
  134  8:03  Colossus  
  141  8:11  Gateway  
  141  8:12  Gateway  
  141  8:14  Gateway  
  141  8:16  Gateway  
  141  8:17  Assimilator x2  
  141  8:18  Gateway  
  141  8:42  Nexus  
  141  8:43  Pylon  
  141  8:44  Stalker x3  
  141  8:45  Stalker x2  
  141  8:47  Pylon  
  151  8:54  Pylon  
  151  8:56  Colossus  
  151  8:57  Pylon  
  151  8:59  Pylon  
  157  9:09  Pylon  
  157  9:14  Stalker x2  
  157  9:15  Stalker x6  
  157  9:16  Stalker x2  
  177  9:25  Pylon  
  177  9:33  Photon Cannon  
  177  9:35  Photon Cannon  
  177  9:37  Shield Battery  
  177  9:39  Photon Cannon  
  177  9:40  Photon Cannon  
  177  9:43  Shield Battery  
  177  9:44  Photon Cannon  
  177  9:46  Photon Cannon  
  177  9:47  Photon Cannon  
  177  9:48  Shield Battery  
  177  9:49  Photon Cannon  
  177  9:52  Photon Cannon, Shield Battery  
  177  9:55  Photon Cannon  
  177  9:58  Photon Cannon  
  177  10:02  Photon Cannon  
  177  10:04  Shield Battery  
  177  10:07  Shield Battery  
  177  10:08  High Templar x2  
  177  10:09  High Templar x4  
  177  10:10  High Templar x2  
  177  10:11  High Templar  
  177  10:12  High Templar  
  177  10:13  Archon x2  
  177  10:14  Archon x2  
  189  10:15  Archon  
Show
View Real Time Build Order
Export as new Build Order

TMxESPRESSOx Zerg 

Build Orders: Pool First 

Get SALT Encoding   

  12  0:01  Drone  
  13  0:08  Drone  
  14  0:17  Overlord  
  14  0:35  Drone x3  
  17  0:47  Spawning Pool  
  17  0:49  Drone  
  17  1:10  Hatchery  
  16  1:21  Drone  
  16  1:22  Drone x2  
  19  1:31  Extractor  
  18  1:37  Zergling x2  
  19  1:45  Zergling x2  
  20  1:51  Queen  
  22  2:17  Overlord  
  22  2:20  Extractor, Overlord  
  21  2:24  Queen  
  21  2:26  Drone x2  
  25  3:10  Drone  
  25  3:11  Drone x5  
  31  3:19  Lair  
  31  3:27  Metabolic Boost  
  31  3:29  Drone  
  31  3:30  Drone  
  31  3:32  Drone  
  31  3:33  Drone  
  35  3:43  Overlord  
  35  3:44  Overlord  
  35  3:45  Drone x2  
  37  3:56  Drone x3  
  37  3:58  Hatchery  
  39  4:04  Extractor  
  39  4:06  Extractor  
  37  4:13  Evolution Chamber  
  37  4:16  Evolution Chamber  
  35  4:19  Pneumatized Carapace  
  35  4:26  Spore Crawler  
  34  4:40  Spore Crawler  
  33  4:52  Zerg Missile Weapons Level 1, Hydralisk Den  
  32  4:53  Zerg Ground Armor Level 1  
  32  4:54  Overlord  
  32  4:56  Drone x8  
  32  4:57  Drone  
  41  5:07  Overlord  
  41  5:10  Overlord  
  41  5:18  Overlord x2  
  41  5:30  Queen  
  41  5:34  Zergling x4  
  41  5:35  Zergling x2, Drone x2  
  48  5:54  Muscular Augments  
  48  6:01  Drone  
  48  6:02  Drone x5, Infestation Pit  
  53  6:14  Drone x2  
  53  6:15  Drone x4  
  59  6:36  Drone  
  59  6:37  Drone x10  
  70  6:42  Spore Crawler  
  70  6:44  Extractor  
  70  6:46  Extractor  
  67  6:53  Zerg Missile Weapons Level 2  
  67  6:55  Zerg Ground Armor Level 2  
  67  6:59  Hive  
  67  7:06  Grooved Spines  
  67  7:22  Hydralisk  
  67  7:23  Hydralisk x8  
  83  7:48  Hydralisk  
  83  7:49  Hydralisk x2  
  89  7:51  Overlord  
  89  7:52  Overlord x2  
  89  8:09  Hydralisk x11  
  89  8:10  Hydralisk  
  113  8:36  Lurker Den  
  111  8:46  Hydralisk  
  112  8:49  Overlord x3  
  112  9:00  Overseer  
  112  9:04  Overseer  
  112  9:11  Hydralisk x11  
  112  9:12  Hydralisk  
  112  9:15  Overlord  
  136  9:33  Hydralisk x4  
  136  9:34  Overlord  
  136  9:38  Overlord  
  144  9:53  Hydralisk  
  144  9:54  Hydralisk x3  
  136  10:14  Hydralisk x6  
  136  10:15  Hydralisk x8  
  136  10:17  Hydralisk  
  136  10:19  Hydralisk  
Tags
 
Add a new tag
Caveats
  • Supply blocks, unpowered buildings, or Contaminate may cause inaccurate times.
  • Supply counts are checked every 10 seconds.